 BcadrenCrawl: Boulder Brew version 0.06-261-gf966546ea9 (webtiles) character file.

Game seed: 5691228730115348294, levelgen mode: deterministic

582 petercordia the Consumer (level 7, 52/52 HPs) Oozomorph Berserker. Began on June 17, 2022. Was a Believer of Trog. Got out of the dungeon alive. The game lasted 00:12:51 (1879 turns).

petercordia the Consumer (Oozomorph Berserker)      Turns: 1879, Time: 00:12:52

Health: 52/52      AC:  5    Str: 20    XL:     7 ^: 594
Magic:  7/7        EV: 11    Int:  7    God:    Trog [2* [60]]
Gold:   144        SH:  0    Dex: 12    Spells: 6/6 levels left

rFire    . . .     Slash    +   k - +0 hand crossbow
rCold    . . .     Pierce   +   a - +0 hatchet
rNeg     . . .     Bludgeon x   b - +0 animal skin
rCorr    + + +     Vision   .   (no armour)
rPois    .         Gourm    .   (no armour)
rElec    .         Faith    .   (no armour)
MR       .....     Spirit   .   (no armour)
HPRegen  0.27/turn Reflect  .   (no armour)
MPRegen  0.17/turn Harm     .   j - +2 targe (crush) Stlth +.........Rnd*Rage +
                                (no amulet)
                                (no ring)
                                (no ring)

@: heavily drained
A: cytoplasmic subsumption, amorphous body, gelatinous body 1, gelatinous flesh
a: Subsume Item, Eject Item, Berserk, Trog's Hand, Renounce Religion


You escaped.
You worshipped Trog.
Trog was pleased with you.
You were not hungry.

You visited 1 branch of the dungeon, and saw 2 of its levels.

You collected 144 gold pieces.

Inventory:

Weapons
 a - a +0 hatchet (weapon)
 k - a +0 hand crossbow (weapon)
 l - a +0 triple sword of molten steel Shields
 j - a +2 targe of crushing (subsumed)
Armour
 b - a +0 animal skin (worn)
Magical Staves
 n - the cursed +8 staff of Sidodumn {chaos, earth; MR+ AC+5 Str+4 +Vis, (Curse: *Drain)}
   (You took it off a kobold on level 2 of the Dungeon)

   [staff of earth]

   Base accuracy: +5 Base damage: 5 (bludgeon) Base attack delay: 1.2 This
   weapon's minimum attack delay (0.3) is reached at skill level 18.
   This weapon deals bludgeoning damage.
   Spells enhanced by this staff find their maximum damage significantly
   boosted, but their damage type scrambled completely randomly.
   Additionally they have random effects on those damaged by their magic,
   including debilitating hexes and powerful charms.
   It falls into the 'Staves' category.
   It is one handed.
   Its enchantment grants additive spellpower to the spells it enhances.
   It has a curse placed upon it.
   { (Curse: *Drain)} Trog disapproves of the use of such an item.
Jewellery
 e - a cursed amulet of guardian spirit {(Curse: *Slow)}
Scrolls
 d - a scroll of magic mapping
 g - a scroll of bless item
 h - a scroll of fear
 m - a scroll of teleportation
Potions
 f - 2 potions of ambrosia
Miscellaneous
 i - a phial of floods
Comestibles
 c - 6 rations


   Skills:
 + Level 6.1(4.3) Fighting
 + Level 6.0(4.3) Axes & Hammers
 + Level 2.3(0.7) Armour
 + Level 2.4(0.8) Dodging


You had 6 spell levels left.
You didn't know any spells.
Your spell library was empty.

Dungeon Overview and Level Annotations

Branches:
Dungeon (2/8)

Altars:
Fedhas Madash


Innate Abilities, Weirdness & Mutations

You may subsume any weapon, armour, or jewellery into your cytoplasm to benefit from its magical properties.
Your body is completely amorphous, allowing you to wear any combination of armour.
You have seven amorphous slots; replacing the normal gear slots.
Body armours and bardings take two slots, all other armours take one.
Your gelatinous form absorbs acid and is immune to constriction and sticky flames. (rCorr(absorb), Slime)
Your formless flesh reforms from cuts and stabs, but takes increased shock from blunt direct hits.
Heavy manmade armour will nullify this weakness. (rSlashing+, rPiercing+, rBludgeoning-)
You frequently lose your temper in combat.
This godly rage surpasses even clarity. (*Rage)


Message History

You enter the shallow water.
Moving in this stuff is going to be slow.
Things that are here:
a +0 whip; a +0 short sword
Things that are here:
a +0 short sword; a +0 club You see here a +0 club.
There is a stone staircase leading up here.
You climb upwards.
There is a stone staircase leading down here.
Unknown command.
Unknown command.
Unknown command.
Unknown command.
You enter the shallow water.
Moving in this stuff is going to be slow.
You see here a +0 spear.
There is a staircase leading out of the dungeon here.
Are you sure you want to leave the Dungeon?
This will make you lose the game!
You have escaped!

..........#####...#........#.#
................#'####.#...#.##
.#.##.....#######....####.....#
....#.....# #.......#####..###
.#..####### #..#......###.....
.#..# ######.......#=.###
.#..###########..#####.....#..#
.#.................#####.#.#..#
.#.########.####@....#####.#..###
.#.# #.# #.......#####..... ##.##
#.# ###.......###..##. #..# #.#
#..##....#...##. ##.# #.#
########.###.##. # #.# #.#
#........ ###.#
#.################.###. ....#
#)...........# #.# #. ##..#
##..########.# #.# #.


There were no monsters in sight!

Vanquished Creatures
  A crocodile (D:2)
  2 big kobolds (D:2)
  2 jellies (D:2)
  3 giant cockroaches (D:2)
  A bullfrog (D:2)
  An adder (D:2)
  21 sewer rats (D:2)
  3 oozes
  A dart slug (D:1)
  2 leopard geckos
  A goblin (D:1)
  3 hobgoblins (D:1)
  11 kobolds
  4 bats
  A kobold skeleton (D:2)
  A rat (D:1)
  A rat skeleton (D:2)
  A giant blowfly (D:2)
  3 withered plants (D:2)
63 creatures vanquished.

Vanquished Creatures (others)
  2 slimeheads (D:2)
  50 withered plants (D:2)
52 creatures vanquished.

Grand Total: 115 creatures vanquished

Notes
Turn   | Place    | Note
-------+----------+-------------------------------------------
     0 | D:1      | petercordia the Oozomorph Berserker began the quest for the
                  | Orb.
     0 | D:1      | Reached XP level 1. HP: 16/16 MP: 1/1
   251 | D:1      | Reached XP level 2. HP: 21/21 MP: 2/2
   750 | D:2      | Reached XP level 3. HP: 21/27 MP: 3/3
   843 | D:2      | Noticed a big kobold
   859 | D:2      | Killed a big kobold
   859 | D:2      | Reached XP level 4. HP: 34/34 MP: 4/4
   929 | D:2      | Noticed a crocodile
   949 | D:2      | Killed a crocodile
   949 | D:2      | Reached XP level 5. HP: 27/38 MP: 5/5
  1038 | D:2      | Reached skill level 5 in Fighting
  1086 | D:2      | Reached skill level 5 in Axes & Hammers
  1154 | D:2      | Reached XP level 6. HP: 45/45 MP: 6/6
  1211 | D:2      | Received a gift from Trog
  1244 | D:2      | Reached ** piety under Trog
  1304 | D:2      | Identified the cursed +8 staff of Sidodumn {chaos, earth;
                  | MR+ AC+5 Str+4 +Vis, (Curse: *Drain)}
  1542 | D:2      | Found a blossoming altar of Fedhas.
  1559 | D:2      | Reached XP level 7. HP: 40/51 MP: 7/7
  1786 | D:2      | Upgraded the game from 0.06-4-g7138dfb037 to
                  | 0.06-17-g80c7f9f8f6
  1786 | D:2      | Upgraded the game from 0.06-17-g80c7f9f8f6 to
                  | 0.06-38-g98e815a52f
  1786 | D:2      | Upgraded the game from 0.06-38-g98e815a52f to
                  | 0.06-261-gf966546ea9
  1879 | D:$      | Got out of the dungeon alive.

Levels and vault maps discovered:
D:1:      dpeg_arrival_long_road, layout_loops_ring, minmay_checkerbox
D:2:      layout_sewer, fedhas_altar_2, first_ration, kennysheep_nondescript,
          minmay_liquid_box

Skill      XL: |  1  2  3  4  5  6  7 |
---------------+----------------------+-----
Fighting       | 4 5 6 |  6.1
Armour         | 2 |  2.3
Axes & Hammers | 4 5 6 |  6.0
Dodging        | 2 |  2.4

Action                   |  1- 3 |  4- 6 |  7- 9 || total
-------------------------+-------+-------+-------++-------
Melee: Hatchet           |    35 |    88 |    23 ||   146
       Unarmed           |    26 |     4 |       ||    30
 Fire: Hand crossbow     |       |    59 |     8 ||    67
Invok: Berserk           |     2 |     2 |       ||     4
 Abil: Subsume Item      |     2 |     1 |     1 ||     4
 Stab: Sleeping          |     1 |       |       ||     1
  Eat: Chunk             |       |     5 |     1 ||     6
Armor: Skin              |     2 |    38 |    17 ||    57
Dodge: Dodged            |     6 |    28 |     6 ||    40
